[Event "Titled Tuesday Blitz May 30 Early 2023"]
[White "MaryanKyrychenko"]
[Black "Lobanov, Sergei"]
[BlackFideId "24183750"]
[WhiteElo "2620"]
[BlackElo "2501"]
[Result "1-0"]
[Round "03"]
[TimeControl "180+2"]
[Date "2023.05.30"]
[WhiteClock "0:00:27"]
[BlackClock "0:00:05"]

1. e4 e5 2. Nf3 Nc6 3. d4 exd4 4. Nxd4 Nf6 5. Nxc6 bxc6 6. e5 Qe7 7. Qe2 Nd5 8. c4 Ba6 9. b3 g6 10. g3 Bg7 11. Bb2 O-O 12. Bg2 Rae8 13. O-O Bxe5 14. Qxe5 Qxe5 15. Bxe5 Rxe5 16. cxd5 Bxf1 17. Kxf1 cxd5 18. Nc3 c6 19. Rc1 Rb8 20. Na4 Kf8 21. Rc5 Rbe8 22. Bf3 Re1+ 23. Kg2 Ra1 24. Ra5 Rxa2 25. Rxa7 Ke7 26. Rb7 Kd6 27. Rb4 Re1 28. Rf4 f5 29. g4 Ke5 30. Rb4 Rc1 31. gxf5 gxf5 32. Rh4 Rcc2 33. Rxh7 Rxf2+ 34. Kg3 f4+ 35. Kg4 Rxh2 36. Rxd7 Ra1 37. Re7+ Kd4 38. Kxf4 Rf1 39. Kg3 Rh8 40. Bg2 Rg8+ 41. Kh3 Rb1 42. Re2 Rxb3+ 43. Kh2 Rb4 44. Nb2 c5 45. Nd1 c4 46. Rd2+ Kc5 47. Rxd5+ Kb6 48. Nc3 Kc7 49. Rc5+ Kd6 50. Ne4+ Ke6 51. Bh3+ Kf7 52. Rc7+ Kg6 53. Rc6+ Kh5 54. Nf6+ Kh4 55. Nxg8 Rb2+ 56. Bg2 Rb4 57. Ne7 Kg4 58. Nd5 Rb2 59. Rxc4+ Kf5 60. Ne3+ Ke5 61. Re4+ Kf6 62. Kg3 Rb3 63. Kf4 Kg7 64. Kg5 Rb5+ 65. Nf5+ Kf7 66. Re7+ Kf8 67. Ra7 Rb6 68. Bd5 Ke8 69. Kf4 Kd8 70. Ke5 Kc8 71. Nd6+ Kb8 72. Ra8+ Kc7 73. Rc8+ Kd7 74. Be6+ Ke7 75. Nf5# 1-0


[Site "https://www.chess.com"]

[Event "Titled Tuesday Blitz May 30 Early 2023"]
[White "Hayrapetyan, Hovik"]
[Black "SashaKuzhilniy"]
[WhiteFideId "13302639"]
[WhiteElo "2348"]
[BlackElo "2619"]
[Result "0-1"]
[Round "03"]
[TimeControl "180+2"]
[Date "2023.05.30"]
[WhiteClock "0:00:02"]
[BlackClock "0:00:13"]

1. d4 Nf6 2. c4 e5 3. dxe5 Ng4 4. Nf3 Bc5 5. e3 Nc6 6. a3 a5 7. Be2 Ngxe5 8. Nxe5 Nxe5 9. O-O O-O 10. b3 Re8 11. Bb2 Ra6 12. Nc3 Rh6 13. g3 d6 14. Ne4 Ba7 15. Re1 Bf5 16. Nd2 Nd3 17. Bxd3 Bxd3 18. Qc1 f6 19. Qc3 Bg6 20. Qxa5 Bb6 21. Qd5+ Kh8 22. Qxb7 Qd7 23. Bd4 Qh3 24. Qg2 Qg4 25. Bxb6 cxb6 26. e4 Rh5 27. Re3 Rhe5 28. Rae1 Qc8 29. f4 R5e7 30. Qf2 h6 31. f5 Bf7 32. Rd3 Qc6 33. Qd4 Rd8 34. b4 Re5 35. Rc1 Kh7 36. Re1 Re7 37. Rde3 Ra8 38. Kf2 Rc7 39. Rd3 Bxc4 40. Rc1 b5 41. Nxc4 bxc4 42. Rdc3 Qd7 43. Qd5 Rca7 44. Rxc4 Rxa3 45. Rc7 Ra2+ 46. Kg1 Qe8 47. Qf7 Qxf7 48. Rxf7 R8a7 49. Rxa7 Rxa7 50. Rc4 Kg8 51. Kf2 Ra3 52. Rd4 Rb3 53. Kg2 Kf7 54. Kh3 Rb2 55. Rc4 Ke7 56. Rc7+ Kf8 57. Rb7 Re2 58. Kg4 Rxe4+ 59. Kh5 Re7 60. Rxe7 Kxe7 61. Kg6 d5 62. Kh5 Kd6 63. Kg4 Kc6 64. Kf4 Kb5 65. Ke3 Kc4 66. b5 Kxb5 67. Kd4 Kc6 68. Ke3 Kc5 69. Kd3 d4 70. g4 Kd5 71. h4 Ke5 72. h5 Kd5 73. g5 0-1


[Site "https://www.chess.com"]

[Event "Titled Tuesday Blitz May 30 Early 2023"]
[White "Ibadov, Dashgyn"]
[Black "Sethuraman, S.P."]
[WhiteFideId "24107514"]
[BlackFideId "5021596"]
[WhiteElo "2208"]
[BlackElo "2543"]
[Result "1-0"]
[Round "03"]
[TimeControl "180+2"]
[Date "2023.05.30"]
[WhiteClock "0:00:34"]
[BlackClock "0:00:01"]

1. e4 c5 2. Nf3 Nc6 3. Bb5 e6 4. O-O Nge7 5. d4 cxd4 6. Nxd4 Ng6 7. Be3 Be7 8. c3 O-O 9. Nd2 Nxd4 10. cxd4 d5 11. e5 Qb6 12. Bd3 Qxb2 13. Nf3 Qa3 14. h4 Rd8 15. h5 Nf8 16. h6 g6 17. Bg5 Bxg5 18. Nxg5 Qe7 19. Qg4 Bd7 20. Rfe1 Rac8 21. Re3 Be8 22. Rf3 Rc7 23. Re1 Rdc8 24. Ree3 b5 25. Rf4 Rc1+ 26. Kh2 R8c7 27. Ref3 Qb4 28. a3 Qe1 29. Nxe6 Qh1+ 30. Kg3 Rg1 31. Bf1 Rxf1 32. Nxc7 Rg1 33. Qh3 Qxh3+ 34. Kxh3 g5 35. Rf6 Bd7+ 36. Kh2 Rc1 37. Rxf7 Ng6 38. Rg7+ Kh8 39. Rxd7 1-0


[Site "https://www.chess.com"]

[Event "Titled Tuesday Blitz May 30 Early 2023"]
[White "Baskakov, Egor"]
[Black "Jakubowski, Krzysztof"]
[WhiteFideId "24197866"]
[BlackFideId "1112848"]
[WhiteElo "2225"]
[BlackElo "2359"]
[Result "0-1"]
[Round "03"]
[TimeControl "180+2"]
[Date "2023.05.30"]
[WhiteClock "0:00:08"]
[BlackClock "0:00:09"]

1. e4 c5 2. Nf3 d6 3. d4 cxd4 4. Nxd4 Nf6 5. Nc3 a6 6. a4 e6 7. g3 Be7 8. Bg2 O-O 9. O-O Qc7 10. a5 Bd7 11. Re1 Nc6 12. Nb3 Ne5 13. Na4 Nc4 14. Qd3 Rac8 15. h3 Ne5 16. Qd1 Bxa4 17. Rxa4 Qxc2 18. Be3 Nd3 19. Qxc2 Rxc2 20. Rb1 Rfc8 21. e5 Nd5 22. Bxd5 exd5 23. Nd4 Rxb2 24. Rxb2 Nxb2 25. Rb4 dxe5 26. Rxb7 exd4 27. Bxd4 Nc4 28. Rxe7 Nxa5 29. Rd7 Nc6 30. Bb6 Rb8 31. Bc5 Rd8 32. Rc7 Ne5 33. Kf1 h5 34. Re7 Nd3 35. Bd4 Nb4 36. Rc7 Re8 37. Bc3 Nd3 38. Rd7 Rc8 39. Bd4 Nb4 40. Ke2 Rc4 41. Ba1 a5 42. Ra7 Nc6 43. Ra8+ Kh7 44. Kd3 Kg6 45. Bc3 f6 46. f4 a4 47. Ra6 Ne7 48. Bd2 Nc6 49. g4 hxg4 50. hxg4 Nb4+ 51. Bxb4 Rxb4 52. Ra5 Rxf4 53. g5 Kxg5 54. Rxd5+ Kg6 55. Ra5 Kh6 56. Ke3 Rh4 57. Kf3 g6 58. Ra6 Kg5 59. Kg3 Rb4 60. Ra5+ f5 61. Kf3 Rb3+ 62. Kf2 a3 63. Ra4 f4 64. Ra6 Kf5 65. Kg2 g5 66. Kf2 Kg4 67. Ke2 Rb2+ 68. Kd3 a2 69. Kc3 Rh2 70. Kb3 Kg3 71. Ra3 g4 72. Kb4+ f3 73. Kc4 Re2 74. Kd3 Kf2 0-1


[Site "https://www.chess.com"]

[Event "Titled Tuesday Blitz May 30 Early 2023"]
[White "Lamaze, Simon"]
[Black "Kravtsiv, Martyn"]
[WhiteFideId "36069264"]
[BlackFideId "14113147"]
[WhiteElo "2272"]
[BlackElo "2695"]
[Result "0-1"]
[Round "03"]
[TimeControl "180+2"]
[Date "2023.05.30"]
[WhiteClock "0:01:07"]
[BlackClock "0:00:43"]

1. e4 e5 2. Nf3 Nc6 3. Bc4 Nf6 4. d3 Bc5 5. Nc3 a6 6. a4 h6 7. h3 d6 8. Be3 g5 9. Ne2 Nh5 10. Bxc5 dxc5 11. g3 Qd6 12. Nc3 Ng7 13. Nd5 Bd7 14. Ne3 O-O-O 15. Qd2 Nd4 16. Qd1 Rhf8 17. c3 Nxf3+ 18. Qxf3 f5 19. exf5 Bc6 20. Qg4 h5 21. Qxg5 Bxh1 22. Qxg7 Bf3 23. Qg6 Rf6 24. Be6+ Qxe6 25. fxe6 Rxg6 0-1


[Site "https://www.chess.com"]

[Event "Titled Tuesday Blitz May 30 Early 2023"]
[White "Marra, Eduardo da Costa"]
[Black "Hambleton, Aman"]
[WhiteFideId "2106990"]
[BlackFideId "2606577"]
[WhiteElo "2252"]
[BlackElo "2511"]
[Result "0-1"]
[Round "03"]
[TimeControl "180+2"]
[Date "2023.05.30"]
[WhiteClock "0:00:00"]
[BlackClock "0:00:03"]

1. d4 Nf6 2. Nc3 d5 3. Bf4 a6 4. e3 e6 5. Nf3 Bd6 6. Ne5 c5 7. dxc5 Bxc5 8. Bd3 Bd6 9. Bg3 Qc7 10. Nf3 Bxg3 11. hxg3 Nc6 12. Qd2 h6 13. O-O-O b5 14. Kb1 b4 15. Na4 e5 16. Nh4 Qa5 17. b3 Be6 18. Bf5 Rd8 19. Bxe6 fxe6 20. Ng6 Rg8 21. f4 Ne4 22. Qe1 exf4 23. gxf4 Kf7 24. Ne5+ Nxe5 25. fxe5 Rgf8 26. Rd4 Rb8 27. Rf1+ Kg8 28. Rxf8+ Kxf8 29. a3 Nc3+ 30. Nxc3 bxc3 31. Ra4 Qc7 32. Qg3 Rb6 33. Rf4+ Kg8 34. Qg6 a5 35. a4 Qe7 36. g4 Qa3 37. Qf7+ Kh7 0-1


[Site "https://www.chess.com"]

[Event "Titled Tuesday Blitz May 30 Early 2023"]
[White "Mischuk, Dmitry"]
[Black "Sharapov, Evgeny"]
[WhiteFideId "14118734"]
[BlackFideId "14103133"]
[WhiteElo "2256"]
[BlackElo "2367"]
[Result "1-0"]
[Round "03"]
[TimeControl "180+2"]
[Date "2023.05.30"]
[WhiteClock "0:00:20"]
[BlackClock "0:00:03"]

1. d4 Nf6 2. c4 e6 3. Nf3 Bb4+ 4. Nbd2 b6 5. g3 Bb7 6. Bg2 O-O 7. O-O c5 8. a3 Bxd2 9. Qxd2 cxd4 10. Qxd4 d5 11. cxd5 Bxd5 12. Bf4 Nc6 13. Qd2 Qe7 14. b4 Rfd8 15. Qb2 Rac8 16. Rfd1 h6 17. h3 Be4 18. Rxd8+ Rxd8 19. Rc1 Qb7 20. Bd2 Nd4 21. Bc3 Nxf3+ 22. exf3 Bxf3 23. Bxf6 Bxg2 24. Bxd8 Bxh3 25. f4 Qf3 26. Qf2 Qxa3 27. Re1 Qxb4 28. Bc7 Qc3 29. Be5 Qd3 30. Qe3 Qc2 31. Qe2 Qc6 32. Kh2 Bf5 33. Qd2 Qf3 34. Re3 Qh5+ 35. Kg1 f6 36. Bb2 Qg4 37. Qe2 Qg6 38. Kf2 h5 39. Qa6 h4 40. gxh4 Qg4 41. Qe2 Qxh4+ 42. Kg1 a5 43. Qf2 Qg4+ 44. Qg3 Qd1+ 45. Re1 Qc2 46. Bxf6 Qc7 47. Be5 Qd7 48. Qe3 a4 49. Kf2 Qc6 50. Rg1 g6 51. Qc3 Qxc3 52. Bxc3 b5 53. Bb4 Kf7 54. Ke3 Kf6 55. Kd4 Bc2 56. Bd6 Bb3 57. Rg5 Bd5 58. Rg1 Bc4 59. Kc5 Kf5 60. Kd4 Kf6 61. Rg5 Kf7 62. Bb4 Kf6 63. Bc5 Kf7 64. Ke5 Bd5 65. Rg3 Bc4 66. Rh3 Kg7 67. Rh2 Bd5 68. Bb4 Bc4 69. Rd2 Bd5 70. Rd1 Kf7 71. Rc1 Kg7 72. Rc7+ Kh6 73. Kf6 Kh5 74. Rg7 Kg4 75. Ke5 Kh5 76. Bd6 Bc4 77. Kf6 Kg4 78. Rxg6+ Kf3 79. Ke5 Ke3 80. Rg3+ Kd2 81. Kd4 Kc2 82. Bb4 Bb3 83. Rg2+ Kd1 84. Kd3 Bc4+ 85. Kc3 Ke1 86. Rh2 Kf1 87. Rd2 Ke1 88. Rd4 Ke2 89. Rxc4 bxc4 90. Kxc4 Kf3 91. Bd6 a3 92. Kb3 Ke4 93. Kxa3 1-0


[Site "https://www.chess.com"]

[Event "Titled Tuesday Blitz May 30 Early 2023"]
[White "Fier, Alexandr"]
[Black "Bodnaruk, Anastasia"]
[WhiteFideId "2107139"]
[BlackFideId "4181751"]
[WhiteElo "2610"]
[BlackElo "2304"]
[Result "1-0"]
[Round "03"]
[TimeControl "180+2"]
[Date "2023.05.30"]
[WhiteClock "0:00:27"]
[BlackClock "0:00:00"]

1. d4 Nf6 2. Bg5 d5 3. Bxf6 exf6 4. c4 dxc4 5. e3 Bd6 6. Bxc4 O-O 7. Nc3 c6 8. Qf3 Re8 9. Nge2 Nd7 10. g4 Nb6 11. Bb3 Be6 12. Bxe6 fxe6 13. h4 e5 14. Rd1 Qe7 15. h5 e4 16. Qg2 Nc4 17. b3 Nb2 18. Rd2 Nd3+ 19. Kf1 Nb4 20. Rh4 Nd5 21. g5 f5 22. Rc2 Nb4 23. Rd2 Nd3 24. Rh3 Rac8 25. f4 c5 26. h6 g6 27. Nd5 Qf7 28. Nf6+ Kh8 29. Nxe8 Qxe8 30. Kg1 c4 31. bxc4 Rxc4 32. Qf1 Bb4 33. Rd1 Qa4 34. Rh2 Rc2 35. Ra1 Bd2 36. Rh3 Qc4 37. d5 Qxd5 38. Rb1 b6 39. Qd1 Rxa2 40. Kf1 Qc4 41. Ra1 Rc2 42. Rxa7 Kg8 43. Qa1 Bc3 44. Ra8+ Kf7 45. Qa7+ Ke6 46. Re8+ Kd5 47. Qf7+ Kc5 48. Rc8+ Kd6 49. Rxc4 1-0


[Site "https://www.chess.com"]

[Event "Titled Tuesday Blitz May 30 Early 2023"]
[White "Kukhmazov, Arsen"]
[Black "Degenbaev, Aziz"]
[WhiteFideId "24108260"]
[BlackFideId "13802640"]
[WhiteElo "2396"]
[BlackElo "2152"]
[Result "1-0"]
[Round "03"]
[TimeControl "180+2"]
[Date "2023.05.30"]
[WhiteClock "0:00:05"]
[BlackClock "0:00:02"]

1. d4 Nf6 2. c4 g6 3. h4 Bg7 4. Nc3 O-O 5. e4 d6 6. Be2 c5 7. d5 e6 8. h5 exd5 9. exd5 Re8 10. Kf1 Bf5 11. g4 Bd7 12. f3 b5 13. cxb5 a6 14. Bf4 Nxg4 15. fxg4 Qf6 16. Qd2 g5 17. Nh3 gxf4 18. Qxf4 axb5 19. h6 Bh8 20. Bxb5 Bxb5+ 21. Nxb5 Qxb2 22. Nxd6 Qxa1+ 23. Kg2 Qxa2+ 24. Kf1 Qxd5 25. Nxe8 Qxh1+ 26. Ng1 Ra1+ 27. Ke2 Qxg1 28. Nf6+ Kf8 29. Qd6# 1-0


[Site "https://www.chess.com"]

[Event "Titled Tuesday Blitz May 30 Early 2023"]
[White "Martic, Ivan"]
[Black "Gorovets, Andrey"]
[WhiteFideId "929301"]
[BlackFideId "13504037"]
[WhiteElo "2360"]
[BlackElo "2459"]
[Result "1/2-1/2"]
[Round "03"]
[TimeControl "180+2"]
[Date "2023.05.30"]
[WhiteClock "0:00:15"]
[BlackClock "0:00:16"]

1. d4 f5 2. Bf4 Nf6 3. e3 g6 4. h4 h6 5. Nc3 Nc6 6. Bc4 Bg7 7. Nf3 e6 8. d5 Nb4 9. dxe6 d5 10. a3 dxc4 11. Qxd8+ Kxd8 12. O-O-O+ Nbd5 13. Nxd5 Nxd5 14. Rxd5+ Ke7 15. Bxc7 Bxe6 16. Bd6+ Kf7 17. Rb5 b6 18. Ne5+ Bxe5 19. Bxe5 Rhd8 20. Bd4 Bd5 21. f3 Rd7 22. h5 g5 23. Rf1 Be6 24. a4 Rd5 25. Rxd5 Bxd5 26. e4 Be6 27. exf5 Bxf5 28. Re1 g4 29. Re5 Be6 30. f4 Rd8 31. c3 Rd5 32. Rxd5 Bxd5 33. g3 Bc6 34. a5 bxa5 35. Bxa7 Ke6 36. Bd4 Kd5 37. Bg7 Ke4 38. Bxh6 Be8 39. Bf8 Bxh5 40. Bd6 Bg6 41. f5 Bxf5 42. Kd2 1/2-1/2


[Site "https://www.chess.com"]

[Event "Titled Tuesday Blitz May 30 Early 2023"]
[White "Fernandez Guillen, Ernesto J."]
[Black "WindWhistler11"]
[WhiteFideId "3512428"]
[WhiteElo "2429"]
[BlackElo "2549"]
[Result "1-0"]
[Round "03"]
[TimeControl "180+2"]
[Date "2023.05.30"]
[WhiteClock "0:00:25"]
[BlackClock "0:00:24"]

1. e4 e6 2. Nf3 d5 3. Nc3 Nf6 4. e5 Nfd7 5. d4 c5 6. Ne2 Nc6 7. c3 Be7 8. a3 a5 9. h4 b6 10. Nf4 Ba6 11. Bxa6 Rxa6 12. Rh3 Ra7 13. h5 h6 14. Rg3 Bf8 15. Rg4 Ne7 16. Nh4 b5 17. Be3 c4 18. Qf3 Nb6 19. Qg3 Qd7 20. Rxg7 Bxg7 21. Qxg7 Rg8 22. Qxh6 Na4 23. Qf6 Rf8 24. h6 Ng8 25. Qg7 Nxh6 26. Qxh6 Nxb2 27. Rb1 Na4 28. Bd2 Rb7 29. Nh5 Qe7 30. Nf6+ Kd8 31. Bg5 Kc8 32. Nh7 Qxa3 33. Qxf8+ Qxf8 34. Nxf8 Nxc3 35. Rc1 b4 36. Bd2 Na2 37. Ra1 b3 38. Nf3 Nb4 39. Kd1 Nd3 40. Bc3 Nxf2+ 41. Kc1 Ne4 42. Kb2 Nf2 43. Ne1 Ng4 44. Nh7 Ne3 45. Nf6 a4 46. Bd2 a3+ 47. Rxa3 Nd1+ 48. Kb1 c3 49. Bxc3 Nxc3+ 50. Kb2 Nd1+ 51. Kc1 b2+ 52. Kb1 Nf2 53. Ra2 Nd1 54. Ra3 Kb8 55. Nd3 Ne3 56. Nxb2 Nc4 57. Ra2 Nd2+ 58. Kc2 Nb3 59. Nd3 Nxd4+ 60. Kd2 Nc6 61. Rb2 Rxb2+ 62. Nxb2 Nxe5 63. Nd3 Kc7 64. Nxe5 Kd6 65. Nd3 Ke7 66. Ng4 f6 67. Ke3 e5 68. Ngxe5 Ke6 69. Nf3 Kf5 70. Nd4+ Kg4 71. Kf2 f5 72. Ne2 f4 73. Ndxf4 d4 74. Nxd4 Kxf4 75. Nf3 Kg4 76. g3 Kf5 77. Ne1 Kg6 78. Kg2 Kf5 79. Kf3 Kg6 80. g4 Kf6 81. Nd3 Kg6 82. Nf2 Kg7 83. Kf4 Kf7 84. Kf5 Kg8 85. g5 Kf8 86. g6 Kg8 87. Kf6 Kf8 88. Ne4 Kg8 89. g7 Kh7 90. Kf7 Kh6 91. g8=Q Kh5 92. Qg5# 1-0


[Site "https://www.chess.com"]

[Event "Titled Tuesday Blitz May 30 Early 2023"]
[White "Kilic, Eray"]
[Black "Lymar, Vladislav"]
[WhiteFideId "44517173"]
[BlackFideId "14162180"]
[WhiteElo "2328"]
[BlackElo "2234"]
[Result "1-0"]
[Round "03"]
[TimeControl "180+2"]
[Date "2023.05.30"]
[WhiteClock "0:00:27"]
[BlackClock "0:00:03"]

1. d4 d5 2. Nc3 c5 3. Bf4 Nf6 4. e4 e6 5. exd5 Nxd5 6. Nxd5 Qxd5 7. Nf3 Nc6 8. dxc5 Qxd1+ 9. Rxd1 Bxc5 10. Bb5 Bd7 11. Ke2 a6 12. Ba4 Ke7 13. Rxd7+ Kxd7 14. Ne5+ Ke7 15. Bxc6 bxc6 16. Rd1 f6 17. Nxc6+ Ke8 18. b4 Rc8 19. bxc5 Rxc6 20. Rb1 Kf7 21. Bd6 Rhc8 22. Rb7+ Kg6 23. c4 Rxc5 24. Bxc5 Rxc5 25. Kd3 e5 26. f3 Ra5 27. Rb2 Kf5 28. Kc3 Ra3+ 29. Kb4 Rd3 30. Kc5 a5 31. a4 Rc3 32. Rb7 g5 33. Rxh7 Rc2 34. Kb5 Rxg2 35. Kxa5 Kf4 36. c5 Rc2 37. Kb6 f5 38. c6 Kxf3 39. c7 e4 40. Rh6 Rxc7 41. Kxc7 e3 42. a5 e2 43. Re6 Kf2 44. a6 f4 45. a7 f3 46. a8=Q e1=Q 47. Rxe1 Kxe1 48. Qxf3 Kd2 49. Kd6 1-0


[Site "https://www.chess.com"]

[Event "Titled Tuesday Blitz May 30 Early 2023"]
[White "OPQRC"]
[Black "Hasangatin, Ramil"]
[BlackFideId "4122160"]
[WhiteElo "2527"]
[BlackElo "2279"]
[Result "1-0"]
[Round "03"]
[TimeControl "180+2"]
[Date "2023.05.30"]
[WhiteClock "0:00:06"]
[BlackClock "0:00:00"]

1. e4 d6 2. d4 Nf6 3. Nc3 e5 4. dxe5 dxe5 5. Qxd8+ Kxd8 6. Bg5 Be6 7. f4 exf4 8. Bxf4 Nbd7 9. a3 c6 10. Nf3 Bc5 11. h3 h6 12. O-O-O Nh5 13. Bh2 Be3+ 14. Kb1 Bf4 15. g4 Bxh2 16. Rxh2 Nf4 17. Nd4 Ke7 18. Rf2 g5 19. Rfd2 Ne5 20. Nce2 Nxe2 21. Bxe2 Rad8 22. b3 c5 23. Nb5 Rxd2 24. Rxd2 a6 25. Nc7 Rd8 26. Nd5+ Kf8 27. a4 Kg7 28. Kb2 Ng6 29. Kc3 Ne5 30. Bc4 Rd6 31. a5 Kf8 32. Rf2 Kg7 33. Nf6 Nxc4 34. bxc4 Rd4 35. Nd5 Rxe4 36. Rf1 Bd7 37. Rb1 Bc6 38. Rb6 Re5 39. Kb3 h5 40. Nc7 Bg2 41. Nd5 Bxh3 42. gxh5 g4 43. h6+ Kh7 44. Nf6+ Kg6 45. Nxg4+ Re6 46. Ne5+ Kxh6 47. Nxf7+ Kg7 48. Rxe6 Bxe6 49. Nd6 Kf6 50. Nxb7 Bc8 51. Nxc5 Ke5 52. Kb4 Kd4 53. c3+ Ke5 54. Na4 Kd6 55. Nb6 Bb7 56. Na4 Kc6 57. Nc5 Bc8 58. Nd3 Bf5 59. Ne5+ Kd6 60. Nf3 Be4 61. Nd4 Kc7 62. Kc5 Bd3 63. Ne6+ Kb7 64. Nf4 Bf1 65. Nd5 Bg2 66. Kd6 Bf1 67. c5 Bb5 68. Ne7 Kb8 69. c6 Bf1 70. c7+ Ka7 71. c8=Q 1-0


[Site "https://www.chess.com"]

[Event "Titled Tuesday Blitz May 30 Early 2023"]
[White "Kushko, Dmitriy"]
[Black "Dudzinski, Pawel"]
[WhiteFideId "14162261"]
[BlackFideId "1117890"]
[WhiteElo "2230"]
[BlackElo "2099"]
[Result "0-1"]
[Round "03"]
[TimeControl "180+2"]
[Date "2023.05.30"]
[WhiteClock "0:00:00"]
[BlackClock "0:00:04"]

1. Nf3 g6 2. d4 Bg7 3. e4 c6 4. Bd3 d5 5. O-O dxe4 6. Bxe4 Nf6 7. Bd3 Bg4 8. c3 Nbd7 9. Re1 O-O 10. Nbd2 c5 11. h3 Bxf3 12. Nxf3 cxd4 13. Nxd4 e5 14. Nb3 Qc7 15. Qe2 Rfe8 16. Bg5 h6 17. Bh4 Nc5 18. Nxc5 Qxc5 19. Rad1 Rad8 20. Bb5 Rxd1 21. Rxd1 Rc8 22. Ba4 g5 23. Bg3 e4 24. Bb3 Qe7 25. h4 Rd8 26. hxg5 Rxd1+ 27. Qxd1 hxg5 28. Qd6 Qxd6 29. Bxd6 Bf8 30. Be5 Be7 31. Bd4 b6 32. Kf1 Kf8 33. Ke2 Ng4 34. Bd5 f5 35. Be6 Nh6 36. b4 Bd6 37. a4 Ke7 38. Bd5 Nf7 39. a5 Bc7 40. a6 Nd6 41. c4 Ne8 42. c5 Nf6 43. Bb7 Nd7 44. g4 bxc5 45. bxc5 fxg4 46. Bxe4 Be5 47. Be3 Bf4 48. c6 Bxe3 49. Kxe3 Nc5 50. Bg2 Kd6 51. Kd4 Nxa6 52. Ke4 Nb8 53. Kf5 Nxc6 54. Kxg4 a5 55. Kxg5 a4 56. Be4 a3 57. Bb1 Nd4 58. f4 Ne2 59. f5 Nc3 60. f6 Ne4+ 0-1


[Site "https://www.chess.com"]

[Event "Titled Tuesday Blitz May 30 Early 2023"]
[White "Quintiliano Pinto, Renato R."]
[Black "Mackster23"]
[WhiteFideId "2117568"]
[WhiteElo "2459"]
[BlackElo "2446"]
[Result "1-0"]
[Round "03"]
[TimeControl "180+2"]
[Date "2023.05.30"]
[WhiteClock "0:00:18"]
[BlackClock "0:00:00"]

1. Nf3 Nf6 2. b3 g6 3. Bb2 Bg7 4. g3 O-O 5. Bg2 d6 6. d4 a5 7. a4 Nc6 8. O-O Ne4 9. Nbd2 d5 10. e3 Bf5 11. c4 Nb4 12. Nxe4 Bxe4 13. Ne1 Bxg2 14. Nxg2 c5 15. Nf4 dxc4 16. bxc4 cxd4 17. exd4 e6 18. Rc1 Qg5 19. h4 Qf5 20. Qb3 Rfd8 21. Rfd1 Rac8 22. Bc3 Bh6 23. Bxb4 axb4 24. Qxb4 Bxf4 25. gxf4 Qxf4 26. Qxb7 Rb8 27. Qe7 Rxd4 28. Rxd4 Qxd4 29. Qg5 Rb2 30. Qg3 Qd2 31. Qe3 Qb4 32. Rd1 Qe7 33. Qd4 Rc2 34. a5 Ra2 35. Qd8+ Qxd8 36. Rxd8+ Kg7 37. Ra8 Rc2 38. Rc8 Ra2 39. Rc5 Ra4 40. Kf1 Kh6 41. Ke2 f5 42. Kd3 Kh5 43. Kc3 Kxh4 44. Kb3 Ra1 45. Re5 Kg4 46. Rxe6 Kg5 47. Re2 Rxa5 48. Kb4 Ra1 49. c5 Rb1+ 50. Kc3 h5 51. c6 Rb6 52. Re6 1-0


[Site "https://www.chess.com"]

[Event "Titled Tuesday Blitz May 30 Early 2023"]
[White "Perez Rodriguez, Jennifer"]
[Black "Karthik Rajaa"]
[WhiteFideId "3507831"]
[BlackFideId "25035215"]
[WhiteElo "2116"]
[BlackElo "2215"]
[Result "0-1"]
[Round "03"]
[TimeControl "180+2"]
[Date "2023.05.30"]
[WhiteClock "0:01:07"]
[BlackClock "0:01:01"]

1. e4 Nf6 2. Nc3 d5 3. e5 d4 4. Nce2 Nfd7 5. f4 Nc6 6. Nf3 Nb6 7. c3 d3 8. Ned4 Nxd4 9. cxd4 Bf5 10. Qb3 Qd5 11. Qc3 Qe4+ 12. Kf2 Nd5 13. Qb3 Nxf4 14. Ng5 Qxd4+ 15. Kf3 Nd5 16. g3 O-O-O 17. h4 h6 18. Nh3 Be4+ 0-1


[Site "https://www.chess.com"]

[Event "Titled Tuesday Blitz May 30 Early 2023"]
[White "Kazmin_Semyon"]
[Black "Sieciechowicz, Marcin"]
[BlackFideId "1130170"]
[WhiteElo "2408"]
[BlackElo "2302"]
[Result "0-1"]
[Round "03"]
[TimeControl "180+2"]
[Date "2023.05.30"]
[WhiteClock "0:00:00"]
[BlackClock "0:00:38"]

1. e4 e6 2. d4 d5 3. Nc3 Nf6 4. e5 Nfd7 5. f4 c5 6. Nf3 Nc6 7. Be3 Qb6 8. Na4 Qa5+ 9. c3 b6 10. a3 c4 11. b4 cxb3 12. Qxb3 Ba6 13. Rb1 Be7 14. g4 Rc8 15. Kf2 Bxf1 16. Rhxf1 Qa6 17. Qb5 Qxb5 18. Rxb5 Bxa3 19. Ra1 Be7 20. Nd2 O-O 21. f5 f6 22. fxe6 fxe5+ 23. Kg2 Nf6 24. h3 exd4 25. cxd4 Nd8 26. g5 Nh5 27. Rxd5 Nxe6 28. Re5 Nef4+ 29. Kh1 Bd6 30. Bxf4 Nxf4 31. Re3 Nd5 32. Rf3 Bb4 33. Rxf8+ Rxf8 34. Nf1 a5 35. Kg2 b5 36. Nc5 Bxc5 37. dxc5 a4 38. Nd2 Nc3 39. Nf3 b4 40. Nd4 b3 41. Re1 b2 42. Ne6 b1=Q 43. Rxb1 Nxb1 44. Nxf8 Kxf8 45. Kf3 a3 46. c6 Ke7 47. g6 hxg6 0-1


[Site "https://www.chess.com"]

[Event "Titled Tuesday Blitz May 30 Early 2023"]
[White "Herrera Reyes, Jose Antonio"]
[Black "Bashkansky, Ethan"]
[WhiteFideId "2274914"]
[BlackFideId "2071533"]
[WhiteElo "2272"]
[BlackElo "2328"]
[Result "1-0"]
[Round "03"]
[TimeControl "180+2"]
[Date "2023.05.30"]
[WhiteClock "0:01:50"]
[BlackClock "0:00:02"]

1. Nf3 f5 2. g3 Nf6 3. Bg2 g6 4. d3 d6 5. Nc3 Nc6 6. h4 h6 7. e4 Bg7 8. Be3 Be6 9. exf5 Bxf5 10. Qd2 Qd7 11. O-O-O O-O-O 12. d4 Ne4 13. Qe1 Kb8 14. Nxe4 Bxe4 15. d5 Bxf3 16. Bxf3 Ne5 17. Bg2 Qa4 18. a3 Nc4 19. Bd4 Bxd4 20. Rxd4 Qb5 21. Qc3 Rhf8 22. Bf1 Qxb2+ 23. Qxb2 Nxb2 24. Kxb2 Rxf2 25. Bd3 Rf6 26. Re4 Re8 27. Rhe1 c6 28. dxc6 bxc6 29. Rxe7 Ref8 30. Rg7 c5 31. Ree7 d5 32. Rb7+ Kc8 33. Rxa7 Kb8 34. Rgb7+ Kc8 35. Bb5 c4 36. a4 Rd6 37. a5 d4 38. a6 c3+ 39. Kb3 Rxa6 40. Bxa6 Rf6 41. Ra8# 1-0


[Site "https://www.chess.com"]

[Event "Titled Tuesday Blitz May 30 Early 2023"]
[White "Halkias, Stelios"]
[Black "Atoufi, Pedram"]
[WhiteFideId "4201809"]
[BlackFideId "12501654"]
[WhiteElo "2451"]
[BlackElo "2228"]
[Result "1-0"]
[Round "03"]
[TimeControl "180+2"]
[Date "2023.05.30"]
[WhiteClock "0:00:33"]
[BlackClock "0:00:39"]

1. d4 d5 2. c4 Nf6 3. cxd5 e6 4. dxe6 Bxe6 5. Nc3 Nc6 6. Nf3 Bb4 7. e3 O-O 8. Bd3 Qd7 9. O-O Rfd8 10. Bd2 a6 11. Rc1 Bf5 12. Bxf5 Qxf5 13. Qb3 Bxc3 14. Bxc3 Qd5 15. Qxd5 Rxd5 16. Rfd1 Rad8 17. Nd2 Re8 18. b4 g6 19. a4 Kg7 20. Nb3 Ne4 21. Be1 f6 22. f3 Nd6 23. e4 Nxe4 24. fxe4 Rxe4 25. Nc5 Re7 26. Nxb7 Nxd4 27. Kh1 c6 28. Nc5 g5 29. Bf2 Ne2 30. Rxd5 cxd5 31. Re1 Re5 32. h3 Nc3 33. Rc1 Na2 34. Rb1 Re2 35. Bd4 Rd2 36. b5 axb5 37. axb5 Kf7 38. b6 Rxd4 39. b7 Nc3 40. b8=Q Nxb1 41. Qb7+ Kg6 42. Qxb1+ Kh6 43. Qf5 Rf4 44. Qxd5 Rf2 45. Qf7 Re2 46. Qxf6+ Kh5 47. Ne6 1-0


[Site "https://www.chess.com"]

[Event "Titled Tuesday Blitz May 30 Early 2023"]
[White "Weishaeutel, Moritz"]
[Black "Naroditsky, Daniel"]
[WhiteFideId "12967300"]
[BlackFideId "2026961"]
[WhiteElo "2301"]
[BlackElo "2633"]
[Result "0-1"]
[Round "03"]
[TimeControl "180+2"]
[Date "2023.05.30"]
[WhiteClock "0:00:08"]
[BlackClock "0:00:37"]

1. e4 c5 2. d4 cxd4 3. c3 Nf6 4. e5 Nd5 5. Nf3 e6 6. cxd4 b6 7. Nc3 Bb7 8. Bd3 Nxc3 9. bxc3 d6 10. O-O Nd7 11. Bf4 Qc7 12. Rc1 Be7 13. Re1 O-O 14. Ng5 h6 15. Qh5 dxe5 16. dxe5 Nc5 17. Bb1 f5 18. exf6 Qxf4 19. Bh7+ Kh8 20. fxg7+ Kxg7 21. Nh3 Qf7 22. Qxf7+ Rxf7 23. Bc2 Rd8 24. f3 Bf6 25. Re3 Rd2 26. Nf2 Bg5 27. Re5 Bf4 28. Ree1 Rfd7 29. Nh3 Bc7 30. Nf2 Bxh2+ 31. Kf1 Ba6+ 0-1


[Site "https://www.chess.com"]